 Dungeon Crawl Stone Soup version 0.18-a0-1220-g2dc6208 (webtiles) character file.

181785 Duskembrace the Spellbinder (level 17, 0/101 HPs)
             Began as a Vampire Enchanter on Feb 3, 2016.
             Was a High Priest of Dithmenos.
             Killed by angry trees
             ... awakened by a spriggan druid
              (10 damage)
             ... on level 3 of the Swamp.
             The game lasted 03:27:33 (39541 turns).

Duskembrace the Spellbinder (Vampire Enchanter)    Turns: 39541, Time: 03:27:33

Health: 0/101      AC: 13    Str:  7    XL:     17   Next: 69%
Magic:  7/24       EV: 27    Int: 23    God:    Dithmenos [*****.]
Gold:   2754       SH:  0    Dex: 22    Spells: 8 memorised, 0 levels left

rFire  . . .     SeeInvis +     l - +1 short sword (distort)
rCold  + + .     Gourm    .     g - +2 robe {Archmagi}
rNeg   + + +     Faith    .     (no shield)
rPois  +         Spirit   .     h - +0 helmet
rElec  .         Dismiss  .     S - +2 cloak {MR+}
rCorr  .         Reflect  .     L - +1 pair of gloves
SustAt .         Harm     .     d - +2 pair of boots {run}
MR     ++...                    Y - amulet of magic regeneration
Stlth  ++++++++++               H - +4 ring of dexterity
                                p - ring of stealth

@: regenerating slowly, wreathed by umbra, quick, very resistant to hostile
enchantments, uncannily stealthy
A: fangs 3, camouflage 1, see invisible, agile 1, unbreathing
a: Bat Form, Shadow Step, Shadow Form, Renounce Religion


You were on level 3 of the Swamp.
You worshipped Dithmenos.
Dithmenos was extremely pleased with you.
You were near bloodless.

You visited 7 branches of the dungeon, and saw 35 of its levels.
You also visited: Ice Cave and Volcano.

You collected 3020 gold pieces.
You spent 266 gold pieces at shops.

Inventory:

Hand Weapons
 l - a +1 short sword of distortion (weapon)
 w - a +4 vampiric dagger
 J - a +3 rapier of electrocution
 V - a +0 blowgun
Missiles
 j - 17 javelins (quivered)
 D - 57 poisoned needles
 E - 4 throwing nets
 X - 10 curare-tipped needles
Armour
 d - a +2 pair of boots of running (worn)
 g - a +2 robe of the Archmagi (worn)
 h - a +0 helmet (worn)
 L - a +1 pair of gloves (worn)
 S - a +2 cloak of magic resistance (worn)
Jewellery
 f - a +5 amulet of reflection
 p - a ring of stealth (left hand)
 x - an uncursed ring of poison resistance
 C - an uncursed ring of protection from fire
 H - a +4 ring of dexterity (right hand)
 U - an uncursed ring of magical power
 Y - an amulet of magic regeneration (around neck)
Wands
 c - a wand of digging (16/24)
 z - a wand of hasting (3/9)
 Z - a wand of teleportation (4/9)
Scrolls
 b - 4 scrolls of fog
 k - 10 scrolls of recharging
 m - 10 scrolls of teleportation
 n - 2 scrolls of torment
 o - 14 scrolls of remove curse
 r - 3 scrolls of amnesia
 y - a scroll of enchant armour
 A - 4 scrolls of magic mapping
 G - 2 scrolls of fear
 W - a scroll of identify
Potions
 a - 4 potions of haste
 e - 3 potions of resistance
 q - 4 potions of might
 s - a potion of invisibility
 t - 8 potions of agility
 u - 3 potions of flight
 v - 2 potions of cancellation
 B - a potion of cure mutation
 F - a potion of magic
 K - 2 potions of ambrosia
 N - 6 potions of brilliance
 O - 19 potions of blood
 Q - 3 potions of curing
 R - 2 potions of lignification
Books
 i - a book of Geomancy

   Spells                             Type                      Level
   a - Sandblast                      Earth                        1
   b - Stoneskin                      Transmutation/Earth          2
   c - Passwall                       Transmutation/Earth          3
   d - Stone Arrow                    Conjuration/Earth            3
   e - Petrify                        Transmutation/Earth          4
   f - Lee's Rapid Deconstruction     Earth                        5
 I - a book of Frost

   Spells                             Type                      Level
   a - Freeze                         Ice                          1
   b - Throw Frost                    Conjuration/Ice              2
   c - Ozocubu's Armour               Charms/Ice                   3
   d - Throw Icicle                   Conjuration/Ice              4
   e - Summon Ice Beast               Ice/Summoning                4
   f - Condensation Shield            Ice                          4
 M - a book of Dreams

   Spells                             Type                      Level
   a - Ensorcelled Hibernation        Hexes/Ice                    2
   b - Phase Shift                    Translocation                5
   c - Silence                        Hexes/Air                    5
   d - Darkness                       Hexes                        6
   e - Mass Confusion                 Hexes                        6
   f - Shadow Creatures               Summoning                    6
 P - a Young Poisoner's Handbook

   Spells                             Type                      Level
   a - Sting                          Conjuration/Poison           1
   b - Cure Poison                    Poison                       2
   c - Mephitic Cloud                 Conjuration/Poison/Air       3
   d - Olgreb's Toxic Radiance        Poison                       4
   e - Venom Bolt                     Conjuration/Poison           5
Miscellaneous
 T - a phial of floods


   Skills:
 - Level 7.5 Short Blades
 - Level 14.8 Dodging
 + Level 22.3 Stealth
 - Level 5.1 Spellcasting
 O Level 27 Hexes
 - Level 4.0 Charms
 - Level 4.3 Ice Magic


You couldn't memorise any spells.
You knew the following spells:

 Your Spells              Type           Power        Failure   Level  Hunger
a - Corona                Hex            #######      0%          1    None
b - Ensorcelled Hibernat  Hex/Ice        ######       1%          2    None
c - Confuse               Hex            ########     0%          3    ##.....
d - Tukima's Dance        Hex            ########     0%          3    ##.....
e - Dazzling Spray        Conj/Hex       #######.     1%          3    ##.....
f - Summon Mana Viper     Hex/Summ       #######.     1%          5    #####..
g - Ozocubu's Armour      Chrm/Ice       #####...     8%          3    ##.....
h - Mass Confusion        Hex            ########..   1%          6    #######


Dungeon Overview and Level Annotations

Branches:
Dungeon (15/15)            Temple (1/1) D:4            Lair (8/8) D:10
  Swamp (4/4) Lair:6       Spider (4/4) Lair:4        Slime (0/6) Lair:6
    Orc (2/2) D:12            Elf (1/3) Orc:2        Vaults (0/5) D:14
 Depths (0/5) D:15

Altars:
Ashenzari
Cheibriados
Dithmenos
Elyvilon
Fedhas
Gozag
Kikubaaqudgha
Makhleb
Nemelex Xobeh
Okawaru
Pakellas
Qazlal
Ru
Sif Muna
Trog
Vehumet
Xom
Yredelemnul
Zin
The Shining One
Jiyva

Shops:
D:11 !   Orc:2 ([*:   Elf:1 [


Innate Abilities, Weirdness & Mutations

You heal slowly.
You have razor-sharp teeth.
You have supernaturally acute eyesight.
You can survive without breathing.
Your skin changes colour to match your surroundings (Stealth).
You are agile. (Dex +2)


Message History

* * * LOW HITPOINT WARNING * * *
You feel roots moving beneath the ground.
The brown ugly thing barely misses something.
You enter the shallow water.
Moving in this stuff is going to be slow.
Read which item? (? for menu, Esc to quit)
As you read the scroll of fear, it crumbles to dust.
You assume a fearsome visage.
The giant leech looks frightened!
The green ugly thing looks frightened!
Trunks creak and shift.
Tree limbs sway around you.
The forest calms down.
Dithmenos accepts your kill.
You feel a bit more experienced.
The six-headed hydra is no longer moving slowly.
The green ugly thing seems to regain its courage.
The spriggan druid mumbles some strange words.
The forest starts to sway and rumble!
A tree reaches out and hits you!
You die...

..≈....≈≈≈≈...♣♣≈≈≈≈≈≈≈≈.≈≈.♣
≈.....≈..≈...≈≈♣≈≈≈≈≈≈≈..≈≈.♣
.≈♣♣♣≈≈..♣.≈.>..≈≈≈≈≈≈≈)≈§≈.♣
♣♣♣ ♣.≈.≈.≈≈≈........≈...≈♣♣♣
♣♣♣♣♣≈.≈≈≈≈♣♣♣♣♣≈....≈.♣♣ ♣
♣♣♣.≈..♣♣♣ ♣♣♣♣.≈≈≈.♣ ♣
≈♣≈≈≈≈§.≈♣ ♣.≈≈≈.♣ ≈
≈)..≈≈≈≈.≈♣ ♣..≈≈≈♣ .
.≈.§≈≈≈≈≈≈@♣♣ ♣.≈≈≈≈♣ ≈
≈.≈≈≈≈≈≈≈≈..♣♣♣♣♣.≈≈≈.♣ ≈
≈.≈≈≈≈..≈≈≈....♣♣♣≈≈♣♣♣ ♣
≈≈≈≈≈..♣♣≈≈..≈≈≈♣ ♣♣♣ ≈
≈≈...♣♣≈≈≈≈i...♣ ♣ ♣
...≈≈≈.≈....≈♣♣ ≈♣
(≈≈..♣...≈...≈♣♣♣≈≈♣
≈≈.♣♣..≈.≈♣≈..§♣♣ ≈≈
♣♣.≈uD♣♣.≈≈≈♣


You could see a spriggan druid.

Vanquished Creatures
  A fire giant (D:15)
  3 dire elephants (Lair:8)
  2 vault guards (D:14)
  An entropy weaver (Spider:1)
  12 hydras
  An anaconda (Lair:8)
  5 centaur warriors
  2 dancing weapons (Elf:1)
  2 tengu warriors
  5 alligators
  An orc high priest (Orc:2)
  A vampire mage (D:11)
  3 deep elf archers (Elf:1)
  A swamp dragon (Swamp:2)
  2 unseen horrors
  4 lindwurms
  3 hill giants
  A wolf spider zombie (D:14)
  A shambling mangrove (Swamp:2)
  An orc knight (D:15)
  6 orc sorcerers
  16 wolf spiders
  12 orb spiders
  19 deep elf magi
  2 hornets
  10 ugly things
  2 manticores
  3 griffons
  3 cyclopes
  11 elephants
  A moth of wrath (Spider:2)
  5 black mambas
  Joseph (D:9)
  5 naga magi (D:11)
  17 spiny frogs
  The ghost of Reinor the Covert, a novice SpAK of Lugonu (D:7)
  5 gargoyles
  A yaktaur (D:14)
  An efreet (D:13)
  A kobold demonologist (D:11)
  3 fire drakes
  7 komodo dragons
  6 demonic crawlers
  A spriggan druid (Lair:8)
  23 jumping spiders
  A tengu conjurer (D:13)
  The ghost of SirSavien the Ruffian, an amateur DDMo of Pakellas (D:4)
  Grinder (D:3)
  3 giant leeches
  10 polar bears
  8 trolls
  Prince Ribbit (D:9)
  2 two-headed ogres
  5 slime creatures
  10 blink frogs
  3 bog bodies
  A spriggan (Swamp:3)
  An air elemental (Elf:1)
  3 shadows
  A fire bat (Volcano)
  25 tarantellas
  A vampire (D:13)
  56 redbacks
  2 wraiths (D:13)
  51 yaks
  4 basilisks
  2 hungry ghosts
  14 hippogriffs
  A steam dragon (D:11)
  10 vampire mosquitoes
  29 wolves
  2 mottled dragons
  13 swamp worms
  2 wargs
  A water moccasin (shapeshifter) (Elf:1)
  14 water moccasins
  11 porcupines
  3 swamp drakes
  An ice beast (D:9)
  22 orc warriors
  6 sky beasts
  2 black bears
  A necrophage (D:12)
  5 phantoms
  2 wasps
  An eye of draining (D:15)
  12 ogres
  9 centaurs
  6 crocodiles
  7 big kobolds
  23 giant frogs
  4 killer bees (D:12)
  7 scorpions
  6 wights
  5 electric eels (Lair:6)
  3 lava snakes (Volcano)
  6 crimson imps
  A giant frog zombie (D:12)
  4 centaur zombies
  3 quasits
  A wasp zombie (D:7)
  3 jellies
  8 orc priests
  2 giant frog skeletons
  4 centaur skeletons
  7 hounds
  19 orc wizards
  Jessica (D:3)
  4 iguanas
  10 worker ants
  19 sheep
  3 hound zombies
  2 hound skeletons (D:7)
  2 worker ant zombies
  7 gnolls
  16 adders
  47 river rats
  2 shadow imps
  2 oozes
  An adder skeleton (D:8)
  3 worms
  2 giant geckos
  65 orcs
  A ball python (D:5)
  7 giant cockroaches
  5 goblins
  4 hobgoblins
  12 jackals
  9 quokkas
  8 bats
  11 giant newts
  22 kobolds
  7 rats
  3 fungi
  4 plants
965 creatures vanquished.

Vanquished Creatures (collateral kills)
  Nikola (Swamp:1)
  Rupert (Spider:1)
  A deep elf sorcerer (D:11)
  An orc warlord (Orc:2)
  Maud (Lair:8)
  A deep elf annihilator (Elf:1)
  A white draconian (IceCv)
  A vault guard (D:14)
  Fannar (Lair:2)
  An ogre mage (D:15)
  A tengu warrior (D:13)
  An orc high priest (Orc:2)
  2 deep elf knights (Elf:1)
  3 hill giants
  A wizard (D:10)
  An ugly thing (D:15)
  3 orc knights (Orc:2)
  An orc sorcerer (Orc:2)
  14 deep elf magi
  Maurice (D:9)
  4 demonic crawlers
  A troll (Orc:2)
  A polar bear (IceCv)
  A slime creature (D:12)
  2 tarantellas (Spider:1)
  2 spriggans
  A wraith (D:14)
  17 orc warriors
  3 wasps
  An ogre (D:6)
  2 big kobolds (D:8)
  A giant frog (D:11)
  6 wights
  2 crimson imps
  6 orc priests
  A jelly (D:9)
  8 orc wizards
  An iguana (D:9)
  2 gnolls (D:7)
  An adder skeleton (D:10)
  14 orcs
  A jackal skeleton (D:9)
116 creatures vanquished.

Vanquished Creatures (others)
  A deep elf death mage (Elf:1)
  10 dancing weapons
  A deep elf knight (Elf:1)
  An orc high priest (Orc:2)
  A spriggan rider (Swamp:3)
  A shambling mangrove (Swamp:3)
  2 orc knights (D:15)
  A deep elf archer (Elf:1)
  A deep elf mage (Elf:1)
  An orc sorcerer (D:11)
  2 ugly things
  An elephant (Lair:5)
  A centaur skeleton (D:13)
  4 polar bears (IceCv)
  A slime creature (D:12)
  A boulder beetle (Spider:2)
  A redback (Spider:3)
  A vampire (D:14)
  2 wolves (IceCv)
  A hungry ghost (D:15)
  A swamp drake (Swamp:3)
  An ogre (D:10)
  An orc warrior (Orc:2)
  A centaur (D:13)
  An orc wizard (Orc:2)
  A giant frog skeleton (D:13)
  A gnoll (Orc:1)
  An orc (D:13)
  23 fungi
  23 plants
  2 spectral weapons (D:10)
91 creatures vanquished.

Grand Total: 1172 creatures vanquished

Notes
Turn   | Place    | Note
--------------------------------------------------------------
     0 | D:1      | Duskembrace the Vampire Enchanter began the quest for the Orb.
     0 | D:1      | Reached XP level 1. HP: 13/13 MP: 3/3
   153 | D:1      | Reached skill level 5 in Hexes
   159 | D:1      | Reached XP level 2. HP: 13/19 MP: 3/5
   190 | D:1      | Learned a level 2 spell: Ensorcelled Hibernation
   423 | D:1      | Reached skill level 5 in Stealth
   671 | D:1      | Reached XP level 3. HP: 22/24 MP: 6/6
   676 | D:1      | Learned a level 3 spell: Confuse
  1042 | D:2      | Reached skill level 6 in Hexes
  1094 | D:2      | Found a snail-covered altar of Cheibriados.
  1144 | D:2      | Found a faded altar to an unknown god.
  1243 | D:2      | Found a burning altar of Makhleb.
  1356 | D:2      | Reached XP level 4. HP: 26/30 MP: 7/7
  1716 | D:2      | Found a glowing golden altar of the Shining One.
  2087 | D:2      | Reached skill level 7 in Hexes
  2377 | D:3      | Noticed Jessica
  2380 | D:3      | Noticed an orc warrior
  2412 | D:3      | Reached XP level 5. HP: 35/35 MP: 5/8
  2451 | D:3      | Killed Jessica
  2530 | D:3      | Noticed Grinder
  2549 | D:3      | Killed Grinder
  2549 | D:3      | Reached skill level 9 in Hexes
  2549 | D:3      | Reached XP level 6. HP: 28/41 MP: 3/9
  2554 | D:3      | Learned a level 3 spell: Tukima's Dance
  2630 | D:3      | Killed an orc warrior
  2976 | D:3      | Reached XP level 7. HP: 39/46 MP: 7/10
  3456 | D:4      | Found an oddly glowing altar of Pakellas.
  3460 | D:4      | Reached skill level 10 in Hexes
  3943 | D:4      | Found a sparkling altar of Nemelex Xobeh.
  3964 | D:4      | Found a radiant altar of Vehumet.
  3999 | D:4      | Found a deep blue altar of Sif Muna.
  4192 | D:4      | Noticed SirSavien's ghost (amateur DDMo)
  4194 | D:4      | Found a staircase to the Ecumenical Temple.
  4201 | Temple   | Entered the Ecumenical Temple
  4244 | Temple   | Became a worshipper of Dithmenos the Shadowed
  4288 | D:4      | Found a blossoming altar of Fedhas.
  4387 | D:4      | Killed SirSavien's ghost
  4387 | D:4      | Reached skill level 11 in Hexes
  4387 | D:4      | Reached XP level 8. HP: 21/52 MP: 4/11
  4859 | D:5      | Entered Level 5 of the Dungeon
  4924 | D:5      | Found a sacrificial altar of Ru.
  4925 | D:5      | Found an iron altar of Okawaru.
  4926 | D:5      | Found a basalt altar of Yredelemnul.
  5087 | D:5      | Reached skill level 12 in Hexes
  5450 | D:5      | Reached * piety under Dithmenos
  5521 | D:6      | Reached skill level 10 in Stealth
  5697 | D:6      | Found a shadowy altar of Dithmenos.
  5968 | D:6      | Reached skill level 13 in Hexes
  5988 | D:6      | Reached skill level 5 in Dodging
  5988 | D:6      | Reached XP level 9. HP: 50/57 MP: 4/12
  6107 | D:6      | Reached ** piety under Dithmenos
  6832 | D:7      | Reached skill level 14 in Hexes
  7097 | D:7      | Noticed Reinor's ghost (novice SpAK)
  7148 | D:7      | Killed Reinor's ghost
  7186 | D:7      | Reached *** piety under Dithmenos
  7281 | D:7      | Learned a level 3 spell: Spectral Weapon
  7626 | D:8      | Found a white marble altar of Elyvilon.
  7661 | D:8      | Reached skill level 15 in Hexes
  7685 | D:8      | Reached XP level 10. HP: 55/63 MP: 0/13
  7889 | D:9      | Noticed Prince Ribbit
  7895 | D:9      | Killed Prince Ribbit
  7999 | D:9      | Noticed Joseph
  8014 | D:9      | Killed Joseph
  8196 | D:9      | Noticed Maurice
  8229 | D:9      | Killed Maurice
  8445 | D:9      | Found a blossoming altar of Fedhas.
  9020 | D:8      | Reached skill level 16 in Hexes
  9278 | D:8      | Reached **** piety under Dithmenos
  9303 | D:8      | Got a pitted gossamer ring
  9305 | D:8      | Identified the ring of Hoodghadyr {Str+6 SInv} (You took it off a kobold on level 8 of the Dungeon)
  9406 | D:10     | Entered Level 10 of the Dungeon
  9411 | D:10     | Noticed a centaur warrior
  9424 | D:10     | Killed a centaur warrior
  9501 | D:10     | Noticed a wizard
  9507 | D:10     | Killed a wizard
  9659 | D:10     | Noticed a hill giant
  9687 | D:10     | Noticed a cyclops
  9696 | D:10     | Killed a hill giant
  9696 | D:10     | Reached skill level 17 in Hexes
  9968 | D:10     | Killed a cyclops
 10014 | D:10     | Reached XP level 11. HP: 68/68 MP: 14/14
 10035 | D:10     | Found a staircase to the Lair.
 10451 | Lair:1   | Entered Level 1 of the Lair of Beasts
 10515 | Lair:1   | Found a frozen archway.
 10519 | IceCv    | Entered an ice cave
 10930 | IceCv    | Reached skill level 18 in Hexes
 11622 | IceCv    | Reached skill level 19 in Hexes
 12170 | IceCv    | Reached skill level 10 in Dodging
 12244 | IceCv    | Noticed a white draconian
 12244 | IceCv    | Noticed a death yak
 12817 | IceCv    | Killed a white draconian
 13052 | Lair:1   | Got a twisted rapier
 13085 | Lair:1   | Reached skill level 21 in Hexes
 13085 | Lair:1   | Reached XP level 12. HP: 74/74 MP: 15/15
 13086 | Lair:1   | Reached skill level 23 in Hexes
 13086 | Lair:1   | Reached XP level 13. HP: 79/79 MP: 16/16
 13220 | Lair:1   | Reached XP level 14. HP: 85/85 MP: 17/17
 13318 | Lair:1   | Reached ***** piety under Dithmenos
 13876 | Lair:2   | Learned a level 5 spell: Summon Mana Viper
 13957 | Lair:2   | Noticed Fannar
 14028 | Lair:2   | Killed Fannar
 14256 | Lair:2   | Gained mutation: Your skin changes colour to match your surroundings (Stealth). [potion of beneficial mutation]
 14909 | Lair:4   | Reached skill level 24 in Hexes
 14928 | Lair:4   | Found a hole to the Spider Nest.
 15268 | Lair:4   | Found a sparkling altar of Nemelex Xobeh.
 16535 | Lair:5   | Learned a level 3 spell: Dazzling Spray
 16948 | Lair:6   | Found a dark tunnel.
 16957 | Volcano  | Entered a volcano
 16989 | Volcano  | Noticed zoolka's ghost (novice OpAs)
 17370 | Volcano  | Found a burning altar of Makhleb.
 17418 | Lair:6   | Found a viscous altar of Jiyva.
 17419 | Lair:6   | Found a staircase to the Slime Pits.
 17457 | Lair:6   | Found a staircase to the Swamp.
 17883 | Lair:2   | Reached skill level 25 in Hexes
 18324 | D:11     | Found a deep blue altar of Sif Muna.
 18327 | D:11     | Noticed a deep elf sorcerer
 18386 | D:11     | Killed a deep elf sorcerer
 18832 | D:11     | Identified the Handbook of Igneous Combat Magic
 18834 | D:11     | Identified the Handbook of Gliding Stolen Souls
 18850 | D:11     | Identified the Handbook of Cloudy Conjuration
 18852 | D:11     | Identified the Catalogue of Unstable Flames
 19398 | D:11     | Found Oliqaf's Distillery.
 19411 | D:11     | Bought a potion of heal wounds for 65 gold pieces
 19411 | D:11     | Bought a potion of curing for 39 gold pieces
 19957 | D:12     | Reached XP level 15. HP: 90/90 MP: 18/18
 19993 | D:12     | Found a staircase to the Orcish Mines.
 20022 | D:12     | Found an iron altar of Okawaru.
 20453 | D:12     | Reached skill level 26 in Hexes
 21648 | D:14     | Found a gate to the Vaults.
 21990 | D:14     | Identified a scroll of acquirement
 22099 | D:14     | Reached ****** piety under Dithmenos
 22858 | D:15     | Entered Level 15 of the Dungeon
 23231 | D:15     | Found a sparkling altar of Nemelex Xobeh.
 23298 | D:15     | Found a staircase to the Depths.
 23298 | D:15     | Noticed a fire giant
 23316 | D:15     | Killed a fire giant
 23640 | D:15     | Reached skill level 27 in Hexes
 24571 | D:14     | Reached skill level 1 in Ice Magic
 24776 | D:14     | Found a glowing golden altar of the Shining One.
 25280 | Lair:1   | Learned a level 3 spell: Ozocubu's Armour
 25404 | Orc:1    | Entered Level 1 of the Orcish Mines
 25537 | Orc:2    | Entered Level 2 of the Orcish Mines
 25538 | Orc:2    | Found Qiustr Qofecs's Antique Armour Boutique.
 25538 | Orc:2    | Noticed an orc warlord
 25552 | Orc:2    | Found Bana's General Store.
 25565 | Orc:2    | Found a staircase to the Elven Halls.
 25592 | Orc:2    | Found Ihacwefo's Book Shop.
 26038 | Orc:2    | Reached skill level 1 in Charms
 27011 | Orc:2    | Killed an orc warlord
 27549 | Orc:2    | Found Hytot's Antique Weapon Shoppe.
 27708 | Elf:1    | Entered Level 1 of the Elven Halls
 27844 | Elf:1    | Reached XP level 16. HP: 82/96 MP: 18/21
 27879 | Elf:1    | Found Jero's Antique Armour Emporium.
 27882 | Elf:1    | Bought a pair of embroidered boots for 162 gold pieces
 27887 | Elf:1    | Identified a +2 pair of boots of running (You bought it in a shop on level 1 of the Elven Halls)
 28253 | Elf:1    | HP: 2/96 [deep elf mage/bolt of lightning (28)]
 29420 | Spider:1 | Entered Level 1 of the Spider Nest
 29918 | Spider:1 | Reached skill level 5 in Spellcasting
 30525 | Spider:1 | Reached skill level 15 in Stealth
 30911 | Spider:1 | Noticed Rupert
 30972 | Spider:1 | Killed Rupert
 31690 | Spider:2 | Reached skill level 5 in Short Blades
 32861 | Lair:7   | Found a burning altar of Makhleb.
 33378 | Lair:8   | Entered Level 8 of the Lair of Beasts
 33679 | Lair:8   | Noticed Maud
 33685 | Lair:8   | Killed Maud
 34740 | Spider:4 | Entered Level 4 of the Spider Nest
 34913 | Spider:4 | Reached XP level 17. HP: 101/101 MP: 20/24
 35234 | Spider:4 | HP: 1/101 [tarantella (6)]
 36955 | Lair:8   | Gained mutation: You are agile. (Dex +2) [potion of beneficial mutation]
 37947 | Swamp:1  | Entered Level 1 of the Swamp
 38024 | Swamp:1  | Noticed Nikola
 38033 | Swamp:1  | Killed Nikola
 39209 | Swamp:3  | Learned a level 6 spell: Mass Confusion
 39498 | Swamp:4  | Entered Level 4 of the Swamp
 39541 | Swamp:3  | Killed from afar by a spriggan druid

Vault maps used:
D:1:      lemuel_arrival_hallway
D:2:      tso_metal_star, nicolae_overflow_crystal_walls,
          cheibriados_altar_wand_db, ecumenical_altar_2
D:3:      uniq_jessica, uniq_grinder
D:4:      johnstein_pakellas_death_squad, fiery_altar_vehumet,
          overflow_temple_1_default, old_standard_altar,
          minmay_temple_entry_statues_pillars, fedhas_altar_2
D:5:      gammafunk_temple_overflow_forgotten, first_bread
D:6:      lemuel_upstairs_altar, grunt_dithmenos_smoke
D:8:      elyvilon_altar_5, special_room
D:9:      kennysheep_mini, uniq_prince_ribbit1, uniq_joseph, uniq_maurice
D:10:     minmay_cut_squares, lair_0_dummy, grunt_ogre_cave
D:11:     evilmike_library_of_no_secrets, serial_shops, shop
D:12:     orc_0_dummy, minmay_fountain_box, okawaru_ov_weapons_minmay
D:14:     lightli_vaults_fourway_checkpoint, basic_altar
D:15:     grunt_enter_depths_giant_problem, basic_altar
Temple:   jpeg_temple_alley_garden_8
Lair:1:   portal_ice_cave_entry_pillars_03, grunt_megastairs_3
Lair:2:   minmay_lindwurm_lava, uniq_fannar
Lair:3:   grunt_megastairs_4, infiniplex_staircase_pool
Lair:4:   nicolae_spider_entry_tight_spaces, basic_altar, serial_bayou_shore_a
Lair:5:   grunt_megastairs_5
Lair:6:   minmay_swamp_entry_worms, slime_altar_1,
          nicolae_volcano_entry_two_sided, serial_bayou, serial_bayou_pond_e,
          serial_bayou_pond_c, serial_bayou_lake_a, serial_bayou_pond_c,
          serial_bayou_pond_a, serial_bayou_crossing
Lair:7:   basic_altar
Lair:8:   due_jungle_book, kilobyte_rumbling_trees, grunt_megastairs_1,
          uniq_maud
Swamp:1:  infiniplex_staircase_pool_2, uniq_nikola
Swamp:2:  evilmike_swamp_ruin_house_5, swamp_pool2, cheibrodos_swamp_slimy
Swamp:3:  serial_swamp_ruin, evilmike_swamp_ruin_wall, hangedman_swamp_ruin_wall
Swamp:4:  swamp_vile
Spider:1: uniq_rupert
Spider:2: spider_trap
Spider:4: grunt_spider_rune_parallel
Orc:1:    uniq_josephine
Orc:2:    grunt_orc_gardens, grunt_orc_garden, grunt_orc_garden,
          grunt_orc_garden, grunt_orc_garden
Elf:1:    eino_elf_arrival_shootout, serial_shops, nicolae_shop_behind_doors,
          basic_altar, minmay_elf_annihilation, item_on_display_a
IceCv:    ice_cave_caverns_02
Volcano:  volcano_grotto

Action                   |  1- 3 |  4- 6 |  7- 9 | 10-12 | 13-15 | 16-18 || total
-------------------------+-------+-------+-------+-------+-------+-------++-------
Melee: Dagger            |    99 |    82 |   340 |   174 |       |       ||   695
       Rapier            |       |     9 |       |       |       |       ||     9
       Short sword       |       |       |       |   122 |   783 |   471 ||  1376
 Cast: Corona            |     8 |       |       |     1 |       |       ||     9
       Ensorcelled Hiber |     8 |     9 |    48 |    67 |   210 |   199 ||   541
       Confuse           |     7 |     8 |    33 |    34 |   151 |    85 ||   318
       Tukima's Dance    |       |     1 |    10 |    11 |    71 |    37 ||   130
       Spectral Weapon   |       |       |       |     2 |       |       ||     2
       Summon Mana Viper |       |       |       |       |     1 |    26 ||    27
       Ozocubu's Armour  |       |       |       |       |     1 |       ||     1
       Dazzling Spray    |       |       |       |       |     1 |       ||     1
Invok: Shadow Step       |       |       |       |     3 |     9 |    17 ||    29
 Abil: End Transformatio |       |       |       |     1 |       |       ||     1
       Bat Form          |       |       |       |     1 |       |       ||     1
  Use: Scroll            |       |       |     8 |     7 |    27 |     7 ||    49
       Potion            |       |       |       |     8 |    21 |    25 ||    54
 Stab: Sleeping          |    18 |    13 |    78 |    74 |   338 |   243 ||   764
       Confused          |     1 |     6 |    36 |    13 |    67 |    32 ||   155
       Distracted        |       |       |     1 |     3 |     3 |       ||     7
       Invisible         |       |       |       |     1 |     1 |     3 ||     5
  Eat: Corpse            |     7 |     6 |     8 |     1 |    22 |     4 ||    48
